 Dungeon Crawl Stone Soup version 0.30-a0-800-g7c544603b3 (webtiles) character file.

Game seed: 9165144546304844345

12 sircluck the Chopper (level 2, -4/26 HPs)
             Began as a Hill Orc Cinder Acolyte on Feb 22, 2023.
             Slain by a gnoll
             ... wielding a +0 club
              (5 damage)
             ... on level 1 of the Dungeon.
             The game lasted 00:01:32 (4572 turns).

sircluck the Chopper (Hill Orc Cinder Acolyte)      Turns: 4572, Time: 00:01:33

Health: -4/26      AC:  2    Str: 16    XL:     2   Next: 33%
Magic:  3/3        EV: 11    Int: 14    God:
Gold:   40         SH:  0    Dex:  6    Spells: 3/3 levels left

rFire   . . .      SeeInvis .    a - -1 hand axe (flame)
rCold   . . .      Faith    .    (no shield)
rNeg    . . .      Spirit   .    b - +0 robe
rPois   .          Reflect  .    (no helmet)
rElec   .          Harm     .    (no cloak)
rCorr   .          Rampage  .    (no gloves)
Will    .....                    (no boots)
Stlth   +                        (no amulet)
HPRegen 0.24/turn                (no ring)
MPRegen 0.08/turn                (no ring)

@: fire susceptible
A: no striking features
a: no special abilities


You were on level 1 of the Dungeon.
You visited 1 branch of the dungeon, and saw 1 of its levels.

You collected 40 gold pieces.

Inventory:

Hand Weapons
 a - a -1 hand axe of flaming (weapon)
Armour
 b - a +0 robe (worn)
Potions
 c - a potion of lignification {unknown}
 d - a potion of curing {unknown}


   Skills:
 + Level 3.6 Fighting
 + Level 4.5 Axes
 + Level 1.0 Spellcasting
 + Level 3.7 Fire Magic


You had 3 spell levels left.
You didn't know any spells.
Your spell library contained the following spells:

 Spells                   Type           Power      Damage    Failure   Level
 Scorch                   Fire           22%        2d6       9%          2
 Blink                    Tloc           0%         N/A       36%         2
 Lesser Beckoning         Tloc           0%         N/A       36%         2
 Momentum Strike          Conj/Tloc      0%         3d8       36%         2


Dungeon Overview and Level Annotations

Branches:
Dungeon (1/15)

Altars:


Message History

The gnoll is heavily wounded.
You hit the rat. You burn the rat.
You kill the rat!
The gnoll barely misses you.
You hit the gnoll but do no damage.
The gnoll is heavily wounded.
You hit the quokka. You burn the quokka. The gnoll barely misses you.
The quokka misses you.
You hit the gnoll but do no damage.
The gnoll is heavily wounded.
You hit the quokka. You burn the quokka.
You kill the quokka!
The gnoll hits you with a +0 club.
You are too injured to fight recklessly!
You are too injured to fight recklessly!
You are too injured to fight recklessly!
You are too injured to fight recklessly!
You are too injured to fight recklessly!
You are too injured to fight recklessly!
You are too injured to fight recklessly!
You are too injured to fight recklessly!
You are too injured to fight recklessly!
You are too injured to fight recklessly!
You are too injured to fight recklessly!
You are too injured to fight recklessly!
You are too injured to fight recklessly!
You are too injured to fight recklessly!
You are too injured to fight recklessly!
You barely miss the gnoll.
The gnoll is heavily wounded.
The gnoll hits you with a +0 club.
You hit the gnoll but do no damage.
The gnoll is heavily wounded.
The gnoll closely misses you.
You hit the gnoll but do no damage.
The gnoll is heavily wounded.
The gnoll hits you with a +0 club!
* * * LOW HITPOINT WARNING * * *
The gnoll hits you with a +0 club.
You die...

?...........#
#...........#
+.......=....
#..........#
#..........#
#..........#
#....g†....##
#@......#
####.......#
#..........#
..+
#..........#
..#
#..........# ..
#..........#
####.#
####..........#
#....#
#.............#
#....#
+.......†.....#
#....###


You could see a gnoll.

Vanquished Creatures
  A dart slug (D:1)
  A ball python (D:1)
  2 endoplasms (D:1)
  A giant cockroach (D:1)
  A hobgoblin (D:1)
  A quokka (D:1)
  A kobold (D:1)
  A rat (D:1)
9 creatures vanquished.

Vanquished Creatures (others)
  27 foxfires (D:1)
27 creatures vanquished.

Grand Total: 36 creatures vanquished

Notes
Turn   | Place    | Note
-------+----------+-------------------------------------------
     0 | D:1      | sircluck the Hill Orc Cinder Acolyte began the quest for
                  | the Orb.
     0 | D:1      | Reached XP level 1. HP: 19/19 MP: 2/2
   122 | D:1      | Fell from the grace of Ignis
   131 | D:1      | Reached XP level 2. HP: 26/26 MP: 3/3
  4572 | D:1      | HP: 1/26 [gnoll/+0 club (7)]
  4572 | D:1      | Slain by a gnoll

Illustrated notes

Levels and vault maps discovered:
D:1:      dpeg_arrival_rhombus, layout_basic, chequers_ecumenical_altar_simple,
          minmay_hexomino_r4

Action                     || total
---------------------------++-------
  Melee: Hand axe          ||    21
 Invoke: Foxfire Swarm     ||     2
         Fiery Armour      ||     1
         Renounce Religion ||     1
 Armour: Robe              ||     4
  Dodge: Dodged            ||    12

Table legend: (Time is in decaauts)
 A = Elapsed time spent in this place.
 B = Non-inter-level travel time spent in this place.
 C = Inter-level travel time spent in this place.
 D = Time resting spent in this place.
 E = Time spent auto-exploring this place.
 F = Levels seen in this place.
 G = Mean time per level.
                   A        B        C        D        E       F      G
               +--------+--------+--------+--------+--------+-----+--------+
         Total |   4573 |   4573 |      0 |   4411 |     93 |   1 | 4573.0 |
       Dungeon |   4573 |   4573 |      0 |   4411 |     93 |   1 | 4573.0 |
               +--------+--------+--------+--------+--------+-----+--------+

Top non-repeatable levels by time:
     D:1: 4573 daAuts
